3L
MONTANA PANDAS @ CHICAGO HAWKS
06/29/2031
 
TOP OF THE 1ST
Montana Pandas batting - Pitching for Chicago Hawks : RHP Lucas Begay
Pitching: RHP Lucas Begay
Batting: RHB Travis Newsome 0-0: Ball
1-0: Ball
2-0: Foul Ball, location: 2F
2-1: Swinging Strike
2-2: Foul Ball, location: 2F
2-2: Ball
3-2: Base on Balls
Batting: LHB Chris McKinney 0-0: Ball
1-0: Grounds into double play, 4-6-3 (Groundball, 4)
Batting: LHB Miguel Gazivoda 0-0: Ball
1-0: Swinging Strike
1-1: Swinging Strike
1-2: Ball
2-2: Ground out U3 (Groundball, 34)
Top of the 1st over - 0 runs, 0 hits, 0 errors, 0 left on base; Montana 0 - Chicago 0
BOTTOM OF THE 1ST
Chicago Hawks batting - Pitching for Montana Pandas : RHP Mike Chambers
Pitching: RHP Mike Chambers
Batting: RHB Jorge Salgado 0-0: Ball
1-0: Ball
2-0: Called Strike
2-1: Foul Ball, location: 2F
2-2: Ball
3-2: Foul Ball, location: 2F
3-2: Ground out 5-3 (Groundball, 56S)
Batting: SHB Luis Manuel Flores 0-0: Ball
1-0: Ball
2-0: Foul Ball, location: 2F
2-1: Foul Ball, location: 2F
2-2: Foul Ball, location: 2F
2-2: Ball
3-2: Fly out, F9 (Flyball, 9LD)
Batting: LHB Jeff Simpson 0-0: Called Strike
0-1: Ball
1-1: Ball
2-1: Foul Ball, location: 2F
2-2: Foul Ball, location: 2F
2-2: Foul Ball, location: 2F
2-2: Ball
3-2: Foul Ball, location: 2F
3-2: Ground out U3 (Groundball, 3)
Bottom of the 1st over - 0 runs, 0 hits, 0 errors, 0 left on base; Montana 0 - Chicago 0
TOP OF THE 2ND
Montana Pandas batting - Pitching for Chicago Hawks : RHP Lucas Begay
Batting: RHB Xavier Pérez 0-0: Called Strike
0-1: Ground out 1-3 (Groundball, 13)
Batting: LHB Terrence Eler 0-0: Ball
1-0: Swinging Strike
1-1: Ball
2-1: Ball
3-1: Ground out U3 (Groundball, 3)
Batting: RHB Roberto Escues 0-0: Ball
1-0: Called Strike
1-1: SINGLE (Flyball, 9LS)
Batting: RHB Lionel McCloud 0-0: Ball
1-0: Ball
2-0: Ball
3-0: Called Strike
3-1: Foul Ball, location: 2F
3-2: Base on Balls
Roberto Escues to second
Batting: LHB Roberto Fierro 0-0: Ball
1-0: Ball
2-0: Ball
3-0: Base on Balls
Roberto Escues to third
Lionel McCloud to second
Batting: RHB Kade Knowles 0-0: Ball
1-0: Fly out, F7 (Flyball, 7S)
Top of the 2nd over - 0 runs, 1 hit, 0 errors, 3 left on base; Montana 0 - Chicago 0
BOTTOM OF THE 2ND
Chicago Hawks batting - Pitching for Montana Pandas : RHP Mike Chambers
Batting: LHB Scott Janousek 0-0: Swinging Strike
0-1: SOLO HOME RUN (Flyball, 7LD), Distance : 343 ft
Batting: RHB Kumanosuke Asano 0-0: Ball
1-0: Called Strike
1-1: Fly out, F9 (Flyball, 9)
Batting: LHB Cole Thrash 0-0: Foul Ball, location: 2F
0-1: Foul Ball, location: 2F
0-2: Ball
1-2: Ball
2-2: Foul Ball, location: 2F
2-2: SINGLE (Line Drive, 8LS)
Batting: RHB Cam MacIntosh 0-0: Ball
1-0: Ball
2-0: Ball
3-0: Base on Balls
Cole Thrash to second
Batting: LHB Errol Levick 0-0: Ball
1-0: Foul Ball, location: 2F
1-1: Ball
2-1: Called Strike
2-2: Ball
3-2: DOUBLE (Line Drive, 89D)
Cole Thrash scores
Cam MacIntosh to third
Runner from 3rd tries for Home, SAFE, no throw
Batting: RHB Reg Spiers 0-0: Ball
1-0: Ball
2-0: Ball
3-0: Base on Balls
Batting: RHB Jorge Salgado 0-0: Ball
1-0: Ball
2-0: Called Strike
2-1: Foul Ball, location: 2F
2-2: Ball
3-2: Base on Balls
Errol Levick to third
Reg Spiers to second
Batting: SHB Luis Manuel Flores 0-0: Ball
1-0: Ball
2-0: Ball
3-0: Base on Balls
Errol Levick scores
Reg Spiers to third
Jorge Salgado to second
Batting: LHB Jeff Simpson 0-0: Ball
1-0: Ball
2-0: Called Strike
2-1: Ball
3-1: Base on Balls
Reg Spiers scores
Jorge Salgado to third
Luis Manuel Flores to second
Batting: LHB Scott Janousek 0-0: Ball
1-0: Ball
2-0: Ball
3-0: Base on Balls
Jorge Salgado scores
Luis Manuel Flores to third
Jeff Simpson to second
Batting: RHB Kumanosuke Asano 0-0: SINGLE (Flyball, 9LM)
Luis Manuel Flores scores
Jeff Simpson to third
Scott Janousek to second
Batting: LHB Cole Thrash 0-0: Foul Ball, location: 2F
0-1: Ball
1-1: Ball
2-1: Foul Ball, location: 2F
2-2: Foul Ball, location: 2F
2-2: Foul Ball, location: 2F
2-2: SINGLE (Groundball, 56D)
Jeff Simpson scores
Scott Janousek to third
Kumanosuke Asano to second
Runner from 3rd tries for Home, SAFE, throw made home
Batting: RHB Cam MacIntosh 0-0: Called Strike
0-1: Ball
1-1: DOUBLE (Line Drive, 8RXD)
Kumanosuke Asano scores
Cole Thrash to third
Batting: LHB Errol Levick 0-0: Ball
1-0: Ball
2-0: Fly out, F7 (Flyball, 7LSF)
Runner from 3rd tags up, SCORES, no throw
Batting: RHB Reg Spiers 0-0: Ball
1-0: SINGLE (Groundball, 23) (infield hit)
Cam MacIntosh to third
Batting: RHB Jorge Salgado 0-0: Called Strike
0-1: Ball
1-1: Ball
2-1: Fly out, F7 (Flyball, 7)
Bottom of the 2nd over - 11 runs, 7 hits, 0 errors, 2 left on base; Montana 0 - Chicago 11
TOP OF THE 3RD
Montana Pandas batting - Pitching for Chicago Hawks : RHP Lucas Begay
Batting: RHB Travis Newsome 0-0: Foul Ball, location: 2F
0-1: Ball
1-1: Swinging Strike
1-2: SINGLE (Flyball, 8RS)
Batting: LHB Chris McKinney 0-0: Ball
1-0: Ball
2-0: Fly out, F5 (Popup, 5SF)
Batting: LHB Miguel Gazivoda 0-0: Grounds into double play, 4-6-3 (Groundball, 34)
Top of the 3rd over - 0 runs, 1 hit, 0 errors, 0 left on base; Montana 0 - Chicago 11
BOTTOM OF THE 3RD
Chicago Hawks batting - Pitching for Montana Pandas : RHP Mike Chambers
Batting: SHB Luis Manuel Flores 0-0: Ball
1-0: Called Strike
1-1: Foul Ball, location: 2F
1-2: Fly out, F7 (Flyball, 7LSF)
Batting: LHB Jeff Simpson 0-0: Ball
1-0: Ball
2-0: Ground out 4-3 (Groundball, 4)
Batting: LHB Scott Janousek 0-0: Fly out, F7 (Line Drive, 7)
Bottom of the 3rd over - 0 runs, 0 hits, 0 errors, 0 left on base; Montana 0 - Chicago 11
TOP OF THE 4TH
Montana Pandas batting - Pitching for Chicago Hawks : RHP Lucas Begay
Batting: RHB Xavier Pérez 0-0: Foul Ball, location: 2F
0-1: Called Strike
0-2: Strikes out looking
Batting: LHB Terrence Eler 0-0: Ball
1-0: Ball
2-0: Swinging Strike
2-1: Foul Ball, location: 2F
2-2: Ball
3-2: Foul Ball, location: 2F
3-2: Strikes out swinging, 2-3 out at first.
Batting: RHB Roberto Escues 0-0: Foul Ball, location: 2F
0-1: Swinging Strike
0-2: Foul Ball, location: 2F
0-2: Strikes out swinging
Top of the 4th over - 0 runs, 0 hits, 0 errors, 0 left on base; Montana 0 - Chicago 11
BOTTOM OF THE 4TH
Chicago Hawks batting - Pitching for Montana Pandas : RHP Mike Chambers
Batting: RHB Kumanosuke Asano 0-0: Ball
1-0: Ball
2-0: Ball
3-0: Base on Balls
Pitching: RHP Jorge Garza
Batting: LHB Cole Thrash 0-0: Foul Ball, location: 2F
0-1: Ball
1-1: Ball
2-1: Foul Ball, location: 2F
2-2: Ball
3-2: Foul Ball, location: 2F
3-2: Grounds into double play, U3-6 (Groundball, 3L)
Batting: RHB Cam MacIntosh 0-0: Called Strike
0-1: Foul Ball, location: 2F
0-2: Ball
1-2: Foul Ball, location: 2F
1-2: Ball
2-2: Strikes out swinging
Bottom of the 4th over - 0 runs, 0 hits, 0 errors, 0 left on base; Montana 0 - Chicago 11
TOP OF THE 5TH
Montana Pandas batting - Pitching for Chicago Hawks : RHP Lucas Begay
Batting: RHB Lionel McCloud 0-0: Ball
1-0: Ball
2-0: Ground out 4-3 (Groundball, 4M)
Batting: LHB Roberto Fierro 0-0: Ball
1-0: Ball
2-0: Called Strike
2-1: Swinging Strike
2-2: Ball
3-2: Foul Ball, location: 2F
3-2: Ground out U3 (Groundball, 34S)
Batting: RHB Kade Knowles 0-0: Foul Ball, location: 2F
0-1: Ball
1-1: Ball
2-1: Ball
3-1: Base on Balls
Batting: RHB Travis Newsome 0-0: DOUBLE (Flyball, 78D)
Kade Knowles to third
Runner from 3rd tries for Home, SAFE, no throw
Batting: LHB Chris McKinney 0-0: Foul Ball, location: 2F
0-1: Fly out, F3 (Popup, 3S)
Top of the 5th over - 1 run, 1 hit, 0 errors, 1 left on base; Montana 1 - Chicago 11
BOTTOM OF THE 5TH
Chicago Hawks batting - Pitching for Montana Pandas : RHP Jorge Garza
Batting: LHB Errol Levick 0-0: Swinging Strike
0-1: Ball
1-1: Ball
2-1: Ball
3-1: Called Strike
3-2: Foul Ball, location: 2F
3-2: Strikes out swinging
Batting: RHB Reg Spiers 0-0: Foul Ball, location: 2F
0-1: Ground out 4-3 (Groundball, 4)
Batting: RHB Jorge Salgado 0-0: Ball
1-0: Called Strike
1-1: Ball
2-1: Foul Ball, location: 2F
2-2: Ball
3-2: Base on Balls
Batting: SHB Luis Manuel Flores 0-0: Ball
1-0: Ball
2-0: Called Strike
2-1: Foul Ball, location: 2F
2-2: Foul Ball, location: 2F
2-2: Foul Ball, location: 2F
2-2: Ball
3-2: Fly out, F7 (Line Drive, 7)
Bottom of the 5th over - 0 runs, 0 hits, 0 errors, 1 left on base; Montana 1 - Chicago 11
TOP OF THE 6TH
Montana Pandas batting - Pitching for Chicago Hawks : RHP Lucas Begay
Batting: LHB Miguel Gazivoda 0-0: Foul Ball, location: 2F
0-1: Foul Ball, location: 2F
0-2: Ball
1-2: Ball
2-2: Strikes out swinging
Batting: RHB Xavier Pérez 0-0: Ball
1-0: Ball
2-0: Called Strike
2-1: Ground out 5-3 (Groundball, 56S)
Batting: LHB Terrence Eler 0-0: Swinging Strike
0-1: Ball
1-1: Ball
2-1: Ground out 6-3 (Groundball, 6)
Top of the 6th over - 0 runs, 0 hits, 0 errors, 0 left on base; Montana 1 - Chicago 11
BOTTOM OF THE 6TH
Chicago Hawks batting - Pitching for Montana Pandas : RHP Jorge Garza
Pitching: LHP Morlack Spurgeon
Pinch Hitting: RHB Paddy Hodnett 0-0: SINGLE (Flyball, 9LM)
Batting: LHB Scott Janousek 0-0: Ball
1-0: Ball
2-0: Foul Ball, location: 2F
2-1: Grounds into double play, 6-4-3 (Groundball, 6M)
Batting: RHB Kumanosuke Asano 0-0: SINGLE (Flyball, 89S)
Batting: LHB Cole Thrash 0-0: Foul Ball, location: 2F
0-1: Ball
1-1: Called Strike
1-2: Ball
2-2: Ball
Kumanosuke Asano steals 2nd base
3-2: Foul Ball, location: 2F
3-2: Foul Ball, location: 2F
3-2: Fly out, F8 (Flyball, 8LM)
Bottom of the 6th over - 0 runs, 2 hits, 0 errors, 1 left on base; Montana 1 - Chicago 11
TOP OF THE 7TH
Montana Pandas batting - Pitching for Chicago Hawks : RHP Lucas Begay
Now at 1B: Paddy Hodnett
Batting: RHB Roberto Escues 0-0: Called Strike
0-1: Ground out 5-3 (Groundball, 56S)
Pitching: LHP Travis Grant
Batting: RHB Lionel McCloud 0-0: Called Strike
0-1: Ball
1-1: Fly out, F9 (Flyball, 89M)
Batting: LHB Roberto Fierro 0-0: Called Strike
0-1: Ball
1-1: Ball
2-1: Swinging Strike
2-2: Strikes out swinging
Top of the 7th over - 0 runs, 0 hits, 0 errors, 0 left on base; Montana 1 - Chicago 11
BOTTOM OF THE 7TH
Chicago Hawks batting - Pitching for Montana Pandas : LHP Morlack Spurgeon
Batting: RHB Cam MacIntosh 0-0: Ball
1-0: Ball
2-0: Ball
3-0: Base on Balls
Batting: LHB Errol Levick 0-0: Ball
1-0: Ball
2-0: Foul Ball, location: 2F
2-1: Called Strike
2-2: Ball
3-2: Foul Ball, location: 2F
3-2: Base on Balls
Cam MacIntosh to second
Batting: RHB Reg Spiers 0-0: Foul Ball, location: 2F
0-1: Ball
1-1: Ground out U3 (Groundball, 34S)
Cam MacIntosh to third
Errol Levick to second
Batting: RHB Jorge Salgado 0-0: Called Strike
0-1: Ball
1-1: Ball
2-1: TRIPLE (Flyball, 8RXD)
Cam MacIntosh scores
Errol Levick scores
Pitching: RHP Jon Briddon
Batting: SHB Luis Manuel Flores 0-0: Foul Ball, location: 2F
0-1: Foul Ball, location: 2F
0-2: Foul Ball, location: 2F
0-2: Ball
1-2: Ball
2-2: Ball
3-2: Base on Balls
Batting: RHB Paddy Hodnett 0-0: Ball
Wild Pitch!
Jorge Salgado scores
Luis Manuel Flores to second
1-0: Swinging Strike
1-1: SINGLE (Flyball, 8LS)
Luis Manuel Flores to third
Runner from 3rd tries for Home, SAFE, no throw
Pinch Hitting: LHB Atílio Mansilhas 0-0: Ball
1-0: Ball
2-0: Fielders Choice at 2nd, 3-6 (Groundball, 3)
Batting: RHB Kumanosuke Asano 0-0: Called Strike
0-1: Foul Ball, location: 2F
0-2: Strikes out looking
Bottom of the 7th over - 4 runs, 2 hits, 0 errors, 1 left on base; Montana 1 - Chicago 15
TOP OF THE 8TH
Montana Pandas batting - Pitching for Chicago Hawks : LHP Travis Grant
Now in LF: Atílio Mansilhas
Batting: RHB Kade Knowles 0-0: Called Strike
0-1: Ground out 5-3 (Groundball, 56S)
Pinch Hitting: RHB Casey Cavell 0-0: Ball
1-0: Ball
2-0: Called Strike
2-1: Ball
3-1: Called Strike
3-2: Foul Ball, location: 2F
3-2: Base on Balls
Batting: LHB Chris McKinney 0-0: Foul Ball, location: 2F
0-1: Foul Ball, location: 2F
0-2: Foul Ball, location: 2F
0-2: Ball
1-2: Ball
2-2: Foul Ball, location: 2F
2-2: SINGLE (Line Drive, 34)
Casey Cavell to second
Runner from 2nd tries for 3rd, SAFE, no throw
Batting: LHB Miguel Gazivoda 0-0: Called Strike
0-1: Fly out, F8 (Flyball, 8RD)
Runner from 3rd tags up, OUT at HOME
Top of the 8th over - 0 runs, 1 hit, 0 errors, 1 left on base; Montana 1 - Chicago 15
BOTTOM OF THE 8TH
Chicago Hawks batting - Pitching for Montana Pandas : RHP Jon Briddon
Now at 2B: Juan Aguirre
Batting: LHB Cole Thrash 0-0: Ground out 4-3 (Groundball, 4MS)
Batting: RHB Cam MacIntosh 0-0: Ball
1-0: Foul Ball, location: 2F
1-1: Ball
2-1: Swinging Strike
2-2: Ball
3-2: Ground out 4-3 (Groundball, 4S)
Batting: LHB Errol Levick 0-0: Ball
1-0: Called Strike
1-1: Fly out, F7 (Flyball, 78S)
Bottom of the 8th over - 0 runs, 0 hits, 0 errors, 0 left on base; Montana 1 - Chicago 15
TOP OF THE 9TH
Montana Pandas batting - Pitching for Chicago Hawks : LHP Travis Grant
Batting: RHB Xavier Pérez 0-0: Swinging Strike
0-1: Ball
1-1: Foul Ball, location: 2F
1-2: Foul Ball, location: 2F
1-2: Foul Ball, location: 2F
1-2: Foul Ball, location: 2F
1-2: Hit by Pitch
Batting: LHB Terrence Eler 0-0: Called Strike
0-1: Ball
1-1: Called Strike
1-2: Ground out 4-3 (Groundball, 4S)
Xavier Pérez to second
Batting: RHB Roberto Escues 0-0: Ground out 4-3 (Groundball, 4)
Xavier Pérez to third
Batting: RHB Lionel McCloud 0-0: Fly out, F5 (Popup, 5F)
Top of the 9th over - 0 runs, 0 hits, 0 errors, 1 left on base; Montana 1 - Chicago 15
Tuesday, June 12th, 2018 - OOTP Baseball 18.8 Build 76